 Dungeon Crawl Stone Soup version 0.28-a0-984-g3775c662fe (webtiles) character file.

Game seed: 9382722364473838194

2044 pokeman the Thaumaturge (level 9, -1/48 HPs)
             Began as a Deep Elf Hedge Wizard on Dec 3, 2021.
             Was a Follower of Vehumet.
             Killed from afar by a gargoyle (19 damage)
             ... with a stone arrow
             ... on level 7 of the Dungeon.
             The game lasted 00:25:44 (7194 turns).

pokeman the Thaumaturge (Deep Elf Hedge Wizard)     Turns: 7194, Time: 00:25:46

Health: -1/48      AC:  6    Str:  7    XL:     9   Next: 4%
Magic:  3/25       EV: 13    Int: 24    God:    Vehumet [*.....]
Gold:   360        SH:  0    Dex: 20    Spells: 13/29 levels left

rFire   . . .      SeeInvis .   d - +4 hand axe of Corporal Punishment {freeze, rElec rC+}
rCold   + . .      Faith    .   (no shield)
rNeg    . . .      Spirit   .   C - +3 leather armour
rPois   .          Reflect  .   c - +0 hat
rElec   +          Harm     .   (no cloak)
rCorr   .          Rampage  .   (no gloves)
Will    .....                   (no boots)
Stlth   ++........              (no amulet)
HPRegen 0.16/turn               B - +6 ring of dexterity
MPRegen 0.19/turn               G - +4 ring of slaying

@: no status effects
A: no striking features
a: Renounce Religion


You were on level 7 of the Dungeon.
You worshipped Vehumet.
Vehumet was aware of your devotion.
You visited 1 branch of the dungeon, and saw 7 of its levels.

You collected 404 gold pieces.
You spent 44 gold pieces at shops.

Inventory:

Hand Weapons
 d - the +4 hand axe of Corporal Punishment (weapon) {freeze, rElec rC+}
   (You found it on level 4 of the Dungeon)

   It freezes those it strikes, dealing additional cold damage.
   It can also slow down cold-blooded creatures.
   rC:        It protects you from cold.
   rElec:     It insulates you from electricity.
 D - a +0 shortbow
Missiles
 k - 109 arrows
 p - a throwing net
 F - 39 bolts
Armour
 c - a +0 hat (worn)
 i - a +0 buckler
 C - a +3 leather armour (worn)
 H - a +1 leather armour of cold resistance
Magical Staves
 I - a staff of death
Jewellery
 B - a +6 ring of dexterity (left hand)
 G - a +4 ring of slaying (right hand)
Wands
 t - a wand of digging (2)
 v - a wand of iceblast (13)
Scrolls
 e - a scroll of fog {unknown}
 f - 2 scrolls of enchant weapon {unknown}
 g - a scroll of fear {unknown}
 h - 3 scrolls of identify {unknown}
 l - a scroll of vulnerability {unknown}
 n - a scroll of magic mapping {unknown}
 o - 6 scrolls of teleportation
 q - 2 scrolls of blinking {unknown}
 r - a scroll of silence {unknown}
 y - 2 scrolls of noise
 A - 3 scrolls of amnesia {unknown}
Potions
 a - 2 potions of heal wounds {unknown}
 b - 2 potions of flight {unknown}
 j - a potion of attraction {unknown}
 m - 3 potions of resistance {unknown}
 s - 2 potions of curing {unknown}
 u - 2 potions of degeneration {unknown}
 w - 3 potions of brilliance {unknown}
 x - 2 potions of invisibility {unknown}
 z - 2 potions of lignification {unknown}
 E - a potion of mutation {unknown}


   Skills:
 - Level 2.0 Fighting
 - Level 2.0 Armour
 - Level 3.3 Dodging
 - Level 3.0 Stealth
 + Level 2.4 Shields
 * Level 10.7 Spellcasting
 + Level 5.7 Conjurations
 - Level 1.1 Summonings
 - Level 1.2 Necromancy
 - Level 1.1 Translocations
 + Level 4.2 Fire Magic
 - Level 1.0 Air Magic
 - Level 1.1 Poison Magic
 - Level 1.0 Evocations


You had 13 spell levels left.
You knew the following spells:

 Your Spells              Type           Power      Damage    Failure   Level
a - Magic Dart            Conj           100%       1d8       1%          1
b - Mephitic Cloud        Conj/Pois/Air  25%        N/A       8%          3
c - Call Imp              Summ           18%        N/A       7%          2
d - Blink                 Tloc           36%        N/A       7%          2
e - Conjure Flame         Conj/Fire      36%        6-21      2%          3
f - Foxfire               Conj/Fire      100%       2x1d9     1%          1
g - Flame Wave            Conj/Fire      36%        2d7       9%          4

Your spell library contained the following spells:

 Spells                   Type           Power      Damage    Failure   Level
 Freeze                   Ice            48%        1d7       7%          1
 Slow                     Hex            48%        N/A       7%          1
 Inner Flame              Hex/Fire       23%        N/A       9%          3


Dungeon Overview and Level Annotations

Branches:
Dungeon (7/15)
 Temple: D:4-7

Altars:
Hepliaklqana
Makhleb
Nemelex Xobeh
Okawaru
Qazlal
Vehumet
Xom

Shops:
D:3 [([   D:4 ?   D:5 =*


Message History

(Press . to intensify the flame waves.)
The gargoyle hurls a stone arrow at you.
The stone arrow misses you.
A wave of flame ripples out!
The flame wave engulfs the gargoyle but does no damage.
The flame wave engulfs the gnoll sergeant but does no damage.
The gnoll sergeant is heavily wounded.
The flame wave engulfs the gnoll.
The gnoll is moderately wounded.
The gargoyle hurls a stone arrow at you.
The stone arrow hits you!! The gnoll sergeant barely misses you.
A wave of flame ripples out!
The flame wave engulfs the gargoyle but does no damage.
The flame wave engulfs the gnoll sergeant but does no damage.
The gnoll sergeant is heavily wounded.
The flame wave engulfs the gnoll!
You kill the gnoll!
Vehumet accepts your kill.
You finish channelling waves of flame.
The gargoyle misses you.
The gnoll sergeant hits you with a +4 trident!
A wyvern skeleton comes into view.
Unknown command.
Casting: Flame Wave (dangerous; 9% risk of failure)
Confirm with . or Enter, or press ? or * to list all spells.
Casting: Flame Wave (dangerous; 9% risk of failure)
Press: ? - help, Dir - look around, f - activate A wave of flame ripples out!
The flame wave engulfs the gargoyle but does no damage.
The flame wave engulfs the gnoll sergeant.
The gnoll sergeant is severely wounded. (Press . to intensify the flame waves.)
The gargoyle closely misses you.
A wave of flame ripples out!
The flame wave engulfs the gargoyle!
The gargoyle is moderately damaged.
The flame wave engulfs the gnoll sergeant!
You kill the gnoll sergeant!
Vehumet accepts your kill.
The gargoyle hurls a stone arrow at you.
The stone arrow hits you!!
You die...

#........# .......
#........######.......
#.....................
#.....................
#.............<..#...
#...............#....#
#........#...###......
#._......#...)......##
#...########@9..#####
##### #)).....#
#...###.. #...# ....#
...Z. .....# ......#


You could see a gargoyle and a wyvern skeleton.

Vanquished Creatures
  Sigmund (D:2)
  Duvessa (D:5)
  2 water moccasins
  An ogre (D:4)
  2 centaurs (D:5)
  2 phantoms
  A gnoll sergeant (D:7)
  Blork the orc (D:5)
  A water moccasin zombie (D:6)
  2 scorpions
  Dowan (D:5)
  A howler monkey (D:6)
  A vampire bat (D:5)
  2 hounds
  A bullfrog zombie (D:6)
  A jelly (D:6)
  2 orc priests (D:4)
  2 bullfrog skeletons
  6 iguanas
  An orc wizard (D:3)
  Natasha (thrice) (D:2)
  A hound skeleton (D:4)
  9 gnolls
  3 adders
  A white imp (D:5)
  An ufetubus (D:4)
  An adder skeleton (D:4)
  5 dart slugs
  3 fire bats (D:5)
  16 orcs
  2 spectral bats (D:5)
  3 bat skeletons (D:5)
  A bat zombie (D:5)
  7 endoplasms
  3 giant cockroaches
  6 goblins
  3 hobgoblins (D:1)
  4 quokkas
  6 ball pythons
  14 bats
  A bat simulacrum (D:5)
  6 frilled lizards
  3 kobolds
  7 rats
141 creatures vanquished.

Vanquished Creatures (others)
  293 foxfires
293 creatures vanquished.

Grand Total: 434 creatures vanquished

Notes
Turn   | Place    | Note
-------+----------+-------------------------------------------
     0 | D:1      | pokeman the Deep Elf Hedge Wizard began the quest for the
                  | Orb.
     0 | D:1      | Reached XP level 1. HP: 10/10 MP: 7/7
   453 | D:1      | Reached XP level 2. HP: 16/16 MP: 4/9
   901 | D:1      | Reached skill level 5 in Spellcasting
  1328 | D:2      | Reached XP level 3. HP: 20/20 MP: 7/11
  1332 | D:2      | Learned a level 3 spell: Mephitic Cloud
  1335 | D:2      | Learned a level 2 spell: Call Imp
  1338 | D:2      | Learned a level 2 spell: Blink
  1342 | D:2      | Learned a level 3 spell: Conjure Flame
  1344 | D:2      | Learned a level 1 spell: Foxfire
  1401 | D:2      | Reached skill level 1 in Armour
  1404 | D:2      | Reached skill level 1 in Fighting
  1407 | D:2      | Reached XP level 4. HP: 23/25 MP: 1/13
  1579 | D:2      | Noticed Sigmund
  1590 | D:2      | Killed Sigmund
  1591 | D:2      | Reached skill level 1 in Shields
  1591 | D:2      | Reached skill level 6 in Spellcasting
  1591 | D:2      | Reached XP level 5. HP: 22/29 MP: 9/16
  1995 | D:2      | Noticed Natasha
  2005 | D:2      | Killed Natasha
  2175 | D:2      | Noticed Natasha
  2179 | D:2      | Killed Natasha
  2180 | D:2      | Reached XP level 6. HP: 34/34 MP: 11/17
  2543 | D:2      | Noticed Natasha
  2549 | D:2      | Killed Natasha
  2668 | D:3      | Found Diosetao's Antique Weapon Shoppe.
  2705 | D:3      | Reached skill level 1 in Poison Magic
  2709 | D:3      | Reached skill level 7 in Spellcasting
  2936 | D:3      | Found Reennuemm's Armour Emporium.
  3054 | D:3      | Found a sparkling altar of Nemelex Xobeh.
  3084 | D:3      | Found Foamoc's Armour Boutique.
  3384 | D:4      | Reached skill level 1 in Evocations
  3415 | D:4      | Reached skill level 1 in Air Magic
  3449 | D:4      | Found Vaiv's Magic Scroll Emporium.
  3454 | D:4      | Bought a scroll of noise for 11 gold pieces
  3454 | D:4      | Bought a scroll of teleportation for 33 gold pieces
  3495 | D:4      | Reached XP level 7. HP: 13/38 MP: 8/20
  3815 | D:4      | Reached skill level 1 in Fire Magic
  4132 | D:4      | Found a stormy altar of Qazlal.
  4588 | D:4      | Found a hazy altar of Hepliaklqana.
  4658 | D:4      | Reached skill level 8 in Spellcasting
  4783 | D:4      | Identified the +4 hand axe of Corporal Punishment {freeze,
                  | rElec rC+}
  4959 | D:5      | Entered Level 5 of the Dungeon
  5106 | D:5      | Learned a level 4 spell: Flame Wave
  5145 | D:5      | Noticed Duvessa
  5147 | D:5      | Found a radiant altar of Vehumet.
  5147 | D:5      | Noticed Dowan
  5164 | D:5      | Killed Dowan
  5188 | D:5      | Killed Duvessa
  5189 | D:5      | Reached XP level 8. HP: 30/44 MP: 4/22
  5321 | D:5      | Became a worshipper of Vehumet
  5377 | D:5      | Noticed Blork the orc
  5382 | D:5      | Reached skill level 9 in Spellcasting
  5392 | D:5      | Killed Blork the orc
  5847 | D:5      | Found Milyus's Jewellery Boutique.
  5913 | D:5      | Reached skill level 5 in Conjurations
  5993 | D:5      | Reached * piety under Vehumet
  5993 | D:5      | Offered knowledge of Freeze by Vehumet.
  6320 | D:5      | Found Fouhos's General Store.
  6328 | D:5      | Reached skill level 10 in Spellcasting
  6329 | D:5      | Found Asetzyur's Assorted Antiques.
  6847 | D:6      | Found an iron altar of Okawaru.
  6959 | D:6      | Reached skill level 1 in Necromancy
  7072 | D:6      | Reached XP level 9. HP: 48/48 MP: 22/25
  7088 | D:6      | Found a burning altar of Makhleb.
  7153 | D:7      | Found a shimmering altar of Xom.
  7184 | D:7      | Noticed a gargoyle
  7194 | D:7      | Killed from afar by a gargoyle

Illustrated notes

Levels and vault maps discovered:
D:1:      dpeg_arrival_ternary, layout_loops_ring
D:2:      layout_loops_cross, uniq_natasha, uniq_sigmund
D:3:      layout_basic, nemelex_xobeh_ov_fountains_minmay, serial_shops,
          shop_fountains, nicolae_shop_window_shopping, shop
D:4:      layout_basic, general_overflow_altar, grunt_qazlal_sundering,
          serial_shops, kennysheep_mini, amethyst_killhole
D:5:      layout_basic, amcnicky_altar_gilded, nicolae_wooded_promenade,
          nicolae_concentric_dashed_squares_mild, goddamned_bats, uniq_duvessa,
          uniq_blork_the_orc
D:6:      layout_cave_pools, bloody_makhleb, lemuel_tele_altar
D:7:      layout_rooms, brannock_xom_greatest_gift, kennysheep_slug_shrine,
          kennysheep_vampire_church, mainiacjoe_overflow_cross_hatched,
          minmay_temple_entry_overgrown, serial_shops, shop, uniq_maggie,
          uniq_crazy_yiuf_cottage

Skill      XL: |  1  2  3  4  5  6  7  8 |
---------------+-------------------------+-----
Spellcasting   | 5 6 7 8 10 | 10.7
Armour         | 1 2 |  2.0
Fighting       | 1 2 |  2.0
Conjurations   | 2 3 4 5 |  5.7
Dodging        | 3 |  3.3
Shields        | 1 2 |  2.4
Stealth        | 3 |  3.0
Poison Magic   | 1 |  1.1
Evocations     | 1 |  1.0
Air Magic      | 1 |  1.0
Fire Magic     | 2 4 |  4.2
Necromancy     | 1 |  1.2
Summonings     | |  1.1
Translocations | |  1.1

Action                   |  1- 3 |  4- 6 |  7- 9 || total
-------------------------+-------+-------+-------++-------
Melee: Dagger            |     2 |       |       ||     2
       Long sword        |     2 |    26 |     7 ||    35
       Hand axe          |       |       |    72 ||    72
 Cast: Magic Dart        |    59 |     5 |    11 ||    75
       Foxfire           |    11 |    61 |   101 ||   173
       Mephitic Cloud    |       |     5 |    11 ||    16
       Conjure Flame     |       |     2 |     9 ||    11
       Blink             |       |     2 |     3 ||     5
       Call Imp          |       |     1 |       ||     1
       Flame Wave        |       |       |     3 ||     3
 Stab: Confused          |       |       |     5 ||     5
       Sleeping          |       |       |     1 ||     1
Armor: Leather armour    |     2 |    14 |    25 ||    41
Dodge: Dodged            |    12 |    30 |    55 ||    97

Table legend: (Time is in decaauts)
 A = Elapsed time spent in this place.
 B = Non-inter-level travel time spent in this place.
 C = Inter-level travel time spent in this place.
 D = Time resting spent in this place.
 E = Time spent auto-exploring this place.
 F = Levels seen in this place.
 G = Mean time per level.
                   A        B        C        D        E       F      G
               +--------+--------+--------+--------+--------+-----+--------+
         Total |   7226 |   7102 |    124 |     49 |   5545 |   7 | 1032.3 |
       Dungeon |   7226 |   7102 |    124 |     49 |   5545 |   7 | 1032.3 |
               +--------+--------+--------+--------+--------+-----+--------+

Top non-repeatable levels by time:
     D:4: 1691 daAuts
     D:5: 1585 daAuts
     D:2: 1382 daAuts
     D:1: 1244 daAuts
     D:3: 654 daAuts
     D:6: 621 daAuts
     D:7: 47 daAuts
